 Dungeon Sprint DCSS version 0.27-a0-1291-geefcff550b (webtiles) character file.

Game seed: 926855377462912966

290127 mhtbhm the Ninja (level 13, 64/70 HPs)
             Began as a Spriggan Brigand on June 15, 2021.
             Was the Champion of Dithmenos.
             Escaped with the Orb!
             The game lasted 00:09:33 (3656 turns).

mhtbhm the Ninja (Spriggan Brigand)                 Turns: 3656, Time: 00:09:33

Health: 64/70      AC: 11    Str:  7    XL:     13   Next: 51%
Magic:  20/20      EV: 27    Int: 14    God:    Dithmenos [******]
Gold:   348        SH:  0    Dex: 22    Spells: 12/12 levels left

rFire    . . .     SeeInvis +   a - +7 quick blade
rCold    . . .     Faith    .   (shield restricted)
rNeg     . . .     Spirit   .   b - +4 faerie dragon scales {rElec rCorr Int+2}
rPois    .         Reflect  .   (helmet restricted)
rElec    +         Harm     .   c - +0 cloak
rCorr    +         Rampage  .   (gloves unavailable)
Will     ++...     NoTele   +   (boots unavailable)
Stlth    ++++++....             m - amulet of invisibility {+Inv}
HPRegen  0.21/turn              (no ring)
MPRegen  0.17/turn              (no ring)

@: wreathed by umbra, very quick
A: very small, no large weapons, unfitting armour, see invisible, speed 3
0: Orb of Zot
a: Renounce Religion, Evoke Invisibility, Shadow Step, Shadow Form


You escaped.
You worshipped Dithmenos.
Dithmenos was exalted by your worship.
You visited 1 branch You collected 516 gold pieces.
You spent 168 gold pieces at shops.

Inventory:

Hand Weapons
 a - a +7 quick blade (weapon)
Missiles
 d - 8 poisoned darts (quivered)
 l - a curare-tipped dart
Armour
 b - the +4 faerie dragon scales (worn) {rElec rCorr Int+2}
   (You took it off the Enchantress in the Dungeon)

   It affects your intelligence (+2).
   It insulates you from electricity.
   It protects you from acid and corrosion.
 c - a +0 cloak (worn)
 j - a +2 buckler of protection
Jewellery
 m - the amulet of invisibility (around neck) {+Inv}
   (You found it in the Dungeon)

   [amulet of nothing]

   It lets you turn invisible.
 q - the amulet "Myuwk" {rPois Regen+ Int-4 SInv Stlth+}
   (You found it in the Dungeon)

   [amulet of regeneration]

   It affects your intelligence (-4).
   It protects you from poison.
   It lets you see invisible.
   It increases your rate of health regeneration.
   It makes you more stealthy.
Scrolls
 o - 2 scrolls of identify {unknown}
 p - a scroll of fear {unknown}
Potions
 e - a potion of cancellation {unknown}
 i - 2 potions of magic


   Skills:
 + Level 9.0 Fighting
 + Level 16.0 Short Blades
 + Level 11.3 Throwing
 + Level 1.7 Armour
 + Level 13.3 Dodging
 O Level 27 Stealth
 + Level 9.3 Invocations
 + Level 22.0 Evocations


You had 12 spell levels left.
You didn't know any spells.
Your spell library contained the following spells:

 Spells                   Type           Power      Damage    Failure   Level
 Animate Skeleton         Necr           0%         N/A       47%         1
 Apportation              Tloc           0%         N/A       47%         1
 Corona                   Hex            0%         N/A       47%         1
 Pain                     Necr           0%         1d4       47%         1
 Summon Small Mammal      Summ           0%         N/A       47%         1
 Vampiric Draining        Necr           0%         2d6       85%         3
 Animate Dead             Necr           0%         N/A       99%         4
 Agony                    Necr           0%         N/A       100%        5


Dungeon Overview and Level Annotations

Branches:
Dungeon (1/1)

Altars:
Cheibriados
Dithmenos
Elyvilon
Gozag
Hepliaklqana
Kikubaaqudgha
Makhleb
Nemelex Xobeh
Okawaru
Qazlal
Ru
Sif Muna
Trog
Uskayaw
Vehumet
Wu Jian
Xom
Yredelemnul
Zin
The Shining One
Beogh
Jiyva
Lugonu

Shops:
D [((==![:=:(([[?((*:*[


Innate Abilities, Weirdness & Mutations

You are very small and have problems with some larger weapons.
You are too small for most types of armour.
You have supernaturally acute eyesight. (SInv)
You cover ground extremely quickly. (Speed+++)


Message History

Your shadow hits the golden eye with a quick blade.
You kill the golden eye!
Dithmenos accepts your kill.
Unknown command.
The golden eye blinks at you. You resist with almost no effort.
You bump into the tree.
You feel less confused.
There is an open door here.
There is an open door here.
There is an entrance to Onof's Book Emporium here.
There is an entrance to Biutippe's Jewellery Shoppe here.
There is an open door here.
Your extra speed is starting to run out.
A cherub comes into view.
It is wielding a +1 falchion of flaming.
The cherub unwields a +1 falchion of flaming.
It stops flaming.
The cherub wields a +1 hunting sling of freezing.
It is covered in frost.
The cherub shoots a stone.
The stone completely misses you.
There is an open door here.
The cherub shoots a stone.
The stone hits you!! The stone freezes you!
You hit the bush but do no damage.
The bush is severely damaged.
You feel yourself slow down.
Okay, then.
You feel much better.
There is an open door here.
There is an open door here.
There is an open door here.
There is an open door here.
There is an open door here.
There is an open door here.
There is an open door here.
There is an open door here.
You see here 19 stones.
There is an open door here.
There is an open door here.
There is a staircase leading out of the dungeon here.
You have escaped!

##################
#@..P#.....#.....#
#PP..'.....'.#([.'
#PPPP#.....#.#...#
###############'##
#...♣........'...#
#......♣.....#...#
#††...♣..♣..######
##'####'######..'.
#).#....'......)#♣


There were no monsters in sight!

Vanquished Creatures
  the Enchantress (D)
  Agnes (D)
  2 ghost moths (D)
  6 spriggan defenders (D)
  5 spriggan berserkers (D)
  4 spriggan druids (D)
  25 oklob plants (D)
  3 moths of wrath (D)
  4 demonic crawlers (D)
  3 wandering mushrooms (D)
  3 burning bushes (D)
  2 queen bees (D)
  10 hornets (D)
  2 golden eyes (D)
  4 scorpions (D)
  4 killer bees (D)
  5 oklob saplings (D)
  11 spriggans (D)
  A river rat (D)
  A rat (D)
  A ballistomycete spore (D)
98 creatures vanquished.

Vanquished Creatures (others)
  A ballistomycete spore (D)
  2 bushes (D)
  A fungus (D)
4 creatures vanquished.

Grand Total: 102 creatures vanquished

Notes
Turn   | Place    | Note
-------+----------+-------------------------------------------
     0 | D        | mhtbhm the Spriggan Brigand began the quest for the Orb.
     0 | D        | Reached XP level 1. HP: 10/10 MP: 2/2
    13 | D        | Reached skill level 6 in Stealth
    26 | D        | Reached skill level 7 in Stealth
    26 | D        | Reached XP level 2. HP: 15/15 MP: 3/3
    36 | D        | Noticed an oklob sapling
    37 | D        | Killed an oklob sapling
    38 | D        | Reached skill level 9 in Stealth
    38 | D        | Reached XP level 3. HP: 18/18 MP: 4/4
    40 | D        | Noticed a scorpion
    41 | D        | Found the amulet of invisibility {+Inv}
    42 | D        | Killed a scorpion
    43 | D        | Reached skill level 12 in Stealth
    43 | D        | Reached XP level 4. HP: 23/23 MP: 5/5
    70 | D        | Found an opulent altar of Gozag.
    70 | D        | Found a hazy altar of Hepliaklqana.
    70 | D        | Found a burning altar of Makhleb.
    70 | D        | Found a sparkling altar of Nemelex Xobeh.
    70 | D        | Found a snail-covered altar of Cheibriados.
    70 | D        | Found a sacrificial altar of Ru.
    70 | D        | Found a shimmering blue altar of Sif Muna.
    70 | D        | Found a shimmering altar of Xom.
    70 | D        | Found a basalt altar of Yredelemnul.
    71 | D        | Found a viscous altar of Jiyva.
    71 | D        | Found a bloodstained altar of Trog.
    71 | D        | Found an ornate altar of the Wu Jian Council.
    72 | D        | Found an iron altar of Okawaru.
    72 | D        | Found a shadowy altar of Dithmenos.
    72 | D        | Found a glowing silver altar of Zin.
    73 | D        | Found an ancient bone altar of Kikubaaqudgha.
    73 | D        | Found a hide-covered altar of Uskayaw.
    74 | D        | Found a stormy altar of Qazlal.
    74 | D        | Found a white marble altar of Elyvilon.
    74 | D        | Found a glowing golden altar of the Shining One.
    75 | D        | Found a corrupted altar of Lugonu.
    75 | D        | Found a radiant altar of Vehumet.
    79 | D        | Reached skill level 13 in Stealth
    79 | D        | Reached XP level 5. HP: 28/28 MP: 3/6
    81 | D        | Became a worshipper of Dithmenos the Shadowed
   128 | D        | Reached skill level 14 in Stealth
   128 | D        | Reached skill level 1 in Evocations
   133 | D        | Reached * piety under Dithmenos
   134 | D        | Reached skill level 15 in Stealth
   136 | D        | Reached XP level 6. HP: 32/32 MP: 5/7
   163 | D        | Found Maon's Magic Scroll Shop.
   163 | D        | Found Yzxexetun's Armour Emporium.
   297 | D        | Noticed a burning bush
   297 | D        | Noticed a wandering mushroom
   298 | D        | Noticed a wandering mushroom
   300 | D        | Killed a wandering mushroom
   301 | D        | Reached skill level 5 in Short Blades
   301 | D        | Reached skill level 5 in Throwing
   301 | D        | Reached skill level 17 in Stealth
   301 | D        | Reached skill level 5 in Evocations
   302 | D        | Reached ** piety under Dithmenos
   303 | D        | Reached skill level 18 in Stealth
   303 | D        | Reached XP level 7. HP: 36/36 MP: 5/8
   304 | D        | Killed a burning bush
   305 | D        | Reached skill level 19 in Stealth
   306 | D        | Killed a wandering mushroom
   307 | D        | Reached skill level 20 in Stealth
   307 | D        | Reached XP level 8. HP: 42/42 MP: 5/9
   312 | D        | Found Ubeireo's Book Emporium.
   312 | D        | Found Inotsexaph's General Store.
   458 | D        | Noticed a queen bee
   465 | D        | Killed a queen bee
   465 | D        | Reached *** piety under Dithmenos
   470 | D        | Reached **** piety under Dithmenos
   471 | D        | Reached skill level 21 in Stealth
   472 | D        | Noticed an oklob plant
   475 | D        | Killed an oklob plant
   476 | D        | Reached skill level 22 in Stealth
   488 | D        | Noticed a burning bush
   491 | D        | Killed a burning bush
   492 | D        | Reached XP level 9. HP: 46/46 MP: 10/10
   748 | D        | Noticed a burning bush
   748 | D        | Noticed an oklob plant
   749 | D        | Noticed a wandering mushroom
   750 | D        | Killed a burning bush
   751 | D        | Reached skill level 10 in Evocations
   755 | D        | Killed an oklob plant
   756 | D        | Reached skill level 23 in Stealth
   759 | D        | Killed a wandering mushroom
   759 | D        | Reached ***** piety under Dithmenos
   822 | D        | Noticed a spriggan druid
   823 | D        | Killed a spriggan druid
   824 | D        | Reached skill level 24 in Stealth
   842 | D        | Noticed an oklob plant conjurer
   843 | D        | Killed an oklob plant conjurer
   924 | D        | Noticed an oklob plant
   924 | D        | Noticed an oklob plant summoner
   925 | D        | Noticed an oklob plant shifter
   929 | D        | Killed an oklob plant
   930 | D        | Reached skill level 25 in Stealth
   930 | D        | Reached XP level 10. HP: 51/51 MP: 8/11
   931 | D        | Killed an oklob plant summoner
   934 | D        | Killed an oklob plant shifter
   946 | D        | Noticed a spriggan rider
   947 | D        | Found Onacket's Assorted Antiques.
   959 | D        | Reached ****** piety under Dithmenos
   960 | D        | Reached skill level 26 in Stealth
  1011 | D        | Found Mefilli's Antique Armour Shoppe.
  1300 | D        | Bought a runed scarf for 168 gold pieces
  1319 | D        | Noticed Agnes
  1320 | D        | Found Muekolo's Weapon Emporium.
  1320 | D        | Found Wasoo's Weapon Shoppe.
  1321 | D        | Killed Agnes
  1322 | D        | Reached skill level 5 in Fighting
  1322 | D        | Reached skill level 27 in Stealth
  1355 | D        | Noticed a spriggan defender
  1357 | D        | Killed a spriggan defender
  1358 | D        | Reached skill level 10 in Short Blades
  1358 | D        | Reached skill level 5 in Dodging
  1358 | D        | Reached skill level 1 in Invocations
  1358 | D        | Reached XP level 11. HP: 52/56 MP: 7/13
  1415 | D        | Noticed a spriggan berserker
  1417 | D        | Killed a spriggan berserker
  1420 | D        | Noticed a spriggan rider
  1423 | D        | Killed a spriggan rider
  1424 | D        | Reached skill level 15 in Evocations
  1539 | D        | Noticed a ghost moth
  1540 | D        | Found Dehoatal's Antique Weapon Boutique.
  1540 | D        | Found Zalidd's Weapon Emporium.
  1540 | D        | Found Pacu's Antique Armour Shoppe.
  1541 | D        | Killed a ghost moth
  1560 | D        | Noticed an oklob plant shifter
  1560 | D        | Noticed an oklob plant meteorologist
  1564 | D        | Killed an oklob plant meteorologist
  1572 | D        | Killed an oklob plant shifter
  1717 | D        | Noticed a spriggan rider
  1989 | D        | Found Biutippe's Jewellery Shoppe.
  1989 | D        | Found Daidelam's Distillery.
  1989 | D        | Found Xaeghyed's Jewellery Shop.
  1989 | D        | Found Comp's Book Emporium.
  1989 | D        | Found Lioqihic's Armour Shoppe.
  1990 | D        | Found Onof's Book Emporium.
  1990 | D        | Found Jefrunwe's Antique Weapon Shop.
  1990 | D        | Found Hiadih's Jewellery Boutique.
  2015 | D        | Noticed an oklob plant summoner
  2016 | D        | Found Soat's Weapon Emporium.
  2017 | D        | Found Efous's Armour Shop.
  2022 | D        | Killed an oklob plant summoner
  2122 | D        | Noticed an oklob plant demonologist
  2122 | D        | Noticed an oklob plant annihilator
  2123 | D        | Noticed a spriggan berserker
  2124 | D        | Killed a spriggan berserker
  2125 | D        | Killed an oklob plant demonologist
  2127 | D        | Killed an oklob plant annihilator
  2137 | D        | Identified the amulet "Myuwk" {rPois Regen+ Int-4 SInv
                  | Stlth+}
  2174 | D        | Noticed an oklob plant
  2174 | D        | Noticed an oklob plant
  2174 | D        | Noticed an oklob plant
  2174 | D        | Noticed an oklob plant
  2174 | D        | Noticed an oklob plant
  2174 | D        | Noticed an oklob plant
  2175 | D        | Noticed an oklob plant
  2176 | D        | Killed an oklob plant
  2177 | D        | Noticed an oklob plant
  2178 | D        | Killed an oklob plant
  2179 | D        | Reached skill level 5 in Invocations
  2179 | D        | Noticed an oklob plant
  2180 | D        | Killed an oklob plant
  2181 | D        | Reached XP level 12. HP: 62/62 MP: 12/16
  2185 | D        | Reached skill level 10 in Dodging
  2420 | D        | Noticed a spriggan defender
  2420 | D        | Noticed a spriggan defender
  2422 | D        | Killed a spriggan defender
  2424 | D        | Killed a spriggan defender
  2498 | D        | Reached skill level 15 in Short Blades
  2576 | D        | Noticed a spriggan defender
  2578 | D        | Killed a spriggan defender
  2579 | D        | Reached skill level 10 in Throwing
  2606 | D        | Noticed the Enchantress
  2608 | D        | Killed the Enchantress
  2609 | D        | Reached XP level 13. HP: 65/69 MP: 14/20
  3224 | D        | Noticed a ghost moth
  3227 | D        | Killed a ghost moth
  3228 | D        | Reached skill level 1 in Armour
  3320 | D        | Noticed a spriggan defender
  3322 | D        | Noticed a spriggan defender
  3323 | D        | Killed a spriggan defender
  3324 | D        | Killed a spriggan defender
  3415 | D        | Got the Orb of Zot
  3483 | D        | Noticed a Brimstone Fiend
  3656 | D        | Escaped with the Orb!

Illustrated notes

Levels and vault maps discovered:
D:        dungeon_sprint_fedhas [sprint_temple]

Skill      XL: |  1  2  3  4  5  6  7  8  9 10 11 12 13 |
---------------+----------------------------------------+-----
Stealth        | 7 9 12 13 15 18 20 22 25 27 | 27.0
Fighting       | 2 3 4 5 6 8 9 |  9.0
Short Blades   | 3 4 5 6 7 8 10 13 15 16 | 16.0
Throwing       | 3 4 5 6 7 10 11 | 11.3
Evocations     | 3 5 6 9 12 14 17 20 22 | 22.0
Dodging        | 2 5 9 12 13 | 13.3
Invocations    | 1 5 8 9 |  9.3
Armour         | 1 |  1.7

Action                   |  1- 3 |  4- 6 |  7- 9 | 10-12 | 13-15 || total
-------------------------+-------+-------+-------+-------+-------++-------
Melee: Dagger            |     5 |     7 |    14 |       |       ||    26
       Rapier            |       |       |     4 |    64 |       ||    68
       Quick blade       |       |       |       |     8 |    61 ||    69
Throw: Dart              |     2 |       |       |    13 |       ||    15
Invok: Shadow Step       |       |       |       |    13 |     5 ||    18
 Abil: Evoke Invisibilit |       |     3 |     4 |     5 |     4 ||    16
  Use: Potion            |       |       |       |     1 |     3 ||     4
       Scroll            |       |       |       |       |     1 ||     1
 Stab: Sleeping          |     2 |     7 |    18 |    41 |     8 ||    76
       Distracted        |       |       |       |     1 |       ||     1
       Invisible         |       |       |       |       |     4 ||     4
Armor: Acid dragon scale |       |       |       |       |     1 ||     1
Dodge: Dodged            |       |       |       |    20 |    11 ||    31

Table legend: (Time is in decaauts)
 A = Elapsed time spent in this place.
 B = Non-inter-level travel time spent in this place.
 C = Inter-level travel time spent in this place.
 D = Time resting spent in this place.
 E = Time spent auto-exploring this place.
 F = Levels seen in this place.
 G = Mean time per level.
                   A        B        C        D        E       F      G
               +--------+--------+--------+--------+--------+-----+--------+
         Total |   3171 |   3171 |      0 |   2282 |      1 |   1 | 3171.0 |
       Dungeon |   3171 |   3171 |      0 |   2282 |      1 |   1 | 3171.0 |
               +--------+--------+--------+--------+--------+-----+--------+

Top non-repeatable levels by time:
       D: 3171 daAuts
